 Dungeon Crawl Stone Soup version 0.28.0-62-gf88900778d (webtiles) character file.

Game seed: 4598082433867999832

22 Mickster the Covered (level 2, -2/23 HPs)
             Began as a Demigod Wanderer on Mar 4, 2023.
             Slain by a water moccasin skeleton (5 damage)
             ... on level 2 of the Dungeon.
             The game lasted 00:13:12 (1095 turns).

Mickster the Covered (Demigod Wanderer)             Turns: 1095, Time: 00:13:12

Health: -2/23      AC:  6    Str: 16    XL:     2   Next: 51%
Magic:  4/4        EV: 10    Int: 12    God:
Gold:   63         SH:  0    Dex: 12    Spells: 1/1 levels left

rFire   + . .      SeeInvis .   f - +0 mace
rCold   x . .      Faith    .   (no shield)
rNeg    . . .      Spirit   .   d - +0 ring mail
rPois   .          Reflect  .   (no helmet)
rElec   .          Harm     .   (no cloak)
rCorr   .          Rampage  .   (no gloves)
Will    .....                   (no boots)
Stlth   +.........              (no amulet)
HPRegen 0.07/turn               h - ring of fire
MPRegen 0.09/turn               (no ring)

@: no status effects
A: high MP 1, forlorn, divine attributes
a: no special abilities


You were on level 2 of the Dungeon.
You visited 1 branch of the dungeon, and saw 2 of its levels.

You collected 63 gold pieces.

Inventory:

Hand Weapons
 a - a +2 shortbow
 c - a +0 dagger
 f - a +0 mace (weapon)
Missiles
 b - 46 arrows
 e - 2 stones
 g - 18 bolts
 i - 2 poisoned darts (quivered)
Armour
 d - a +0 ring mail (worn)
Jewellery
 h - a ring of fire (left hand)


   Skills:
 + Level 1.0 Fighting
 * Level 0.8 Maces & Flails
 - Level 2.8 Bows
 + Level 1.0 Throwing
 + Level 4.9 Armour
 + Level 0.1 Dodging


You had one spell level left.
You didn't know any spells.
Your spell library contained the following spells:

 Spells                   Type           Power      Damage    Failure   Level
 Dazzling Flash           Conj/Hex       0%         N/A       87%         3
 Iskenderun's Mystic Bla  Conj/Tloc      0%         2d3       99%         4
 Starburst                Conj/Fire      0%         6d3       100%        6


Dungeon Overview and Level Annotations

Branches:
Dungeon (2/15)


Innate Abilities, Weirdness & Mutations

You have an increased reservoir of magic. (+10% MP)
You shall have no god before yourself.
Your divine heritage dramatically boosts your attributes as you level up.


Message History

There is an open door here.
A water moccasin skeleton comes into view.
The water moccasin skeleton barely misses you. x2
Throw: 3 darts (poison)
Press: ? - help, Q - select action, (/) - cycle Shift-Dir - straight line, f - water moccasin skeleton
Aim: a water moccasin skeleton (64% to hit)
You throw a poisoned dart.
The poisoned dart barely misses the water moccasin skeleton.
The water moccasin skeleton bites you but does no damage.
You hit the water moccasin skeleton but do no damage.
The water moccasin skeleton completely misses you.
The water moccasin skeleton bites you.
You barely miss the water moccasin skeleton.
The water moccasin skeleton bites you but does no damage.
You barely miss the water moccasin skeleton.
The water moccasin skeleton misses you. The water moccasin skeleton bites you.
You hit the water moccasin skeleton.
The water moccasin skeleton is lightly damaged.
The water moccasin skeleton bites you.
* * * LOW HITPOINT WARNING * * *
You hit the water moccasin skeleton.
The water moccasin skeleton is lightly damaged.
The water moccasin skeleton bites you.
* * * LOW HITPOINT WARNING * * *
The water moccasin skeleton closely misses you.
You sock the water moccasin skeleton!
The water moccasin skeleton is heavily damaged.
The water moccasin skeleton bites you but does no damage. x2
You barely miss the water moccasin skeleton.
The water moccasin skeleton is heavily damaged.
The water moccasin skeleton bites you but does no damage.
You hit the water moccasin skeleton.
The water moccasin skeleton is heavily damaged.
The water moccasin skeleton barely misses you.
The water moccasin skeleton bites you.
* * * LOW HITPOINT WARNING * * *
You sock the water moccasin skeleton!
The water moccasin skeleton is severely damaged.
The water moccasin skeleton bites you.
You die...

#####.#....####..
.................
#####.#.#######..
...#....(....
................
........#....... #
........#....... .##
###############Z##..###
..#.@.....# #
#.##.#..#.# # #.##....#
#.##.#..# ###.##'#..#.#
# #...........# #
#........#..# #
#........#..# #########
#.....<..# .#


You could see a water moccasin skeleton.

Vanquished Creatures
  A dart slug (D:2)
  An endoplasm (D:1)
  2 giant cockroaches (D:2)
  2 goblins
  A hobgoblin (D:1)
  2 jackals (D:2)
  A kobold (D:1)
  2 ball pythons
  A bat (D:1)
  3 frilled lizards
  4 rats (D:1)
20 creatures vanquished.

Notes
Turn   | Place    | Note
-------+----------+-------------------------------------------
     0 | D:1      | Mickster the Demigod Wanderer began the quest for the Orb.
     0 | D:1      | Mickster set off with the following items: a +2 shortbow,
                  | 24 arrows, a potion of attraction, a +0 ring mail
     0 | D:1      | Reached XP level 1. HP: 16/16 MP: 3/3
   307 | D:1      | Reached XP level 2. HP: 8/23 MP: 4/4
   615 | D:1      | You fall into a shaft and drop 1 floor!
  1095 | D:2      | Slain by a water moccasin skeleton

Illustrated notes

Levels and vault maps discovered:
D:1:      heliophobic_arrival_battle_scene, layout_loops_ring,
          shapermc_ecumenical_altar_mp_highgroup
D:2:      layout_basic, nicolae_figureground_sparkle

Action                   || total
-------------------------++-------
Melee: Mace              ||    68
 Fire: Shortbow          ||     7
Throw: Dart              ||     1
  Use: Scroll            ||     4
Armor: Ring mail         ||    45
Dodge: Dodged            ||    47
